 Dungeon Crawl Stone Soup version 0.30.0-29-ga12c61a403 (webtiles) character file.

Game seed: 15878291062401736979

275 Ijustatesigmund the Stinger (level 6, -3/39 HPs)
             Began as an Octopode Venom Mage on June 19, 2023.
             Slain by Edmund
             ... wielding a +1 flail of protection
              (5 damage)
             ... on level 4 of the Dungeon.
             The game lasted 00:06:38 (2992 turns).

Ijustatesigmund the Stinger (Octopode Venom Mage)   Turns: 2992, Time: 00:06:40

Health: -3/39      AC:  3    Str:  6      XL:     6   Next: 25%
Magic:  7/10       EV: 13    Int: 18 (19) God:
Gold:   61         SH:  0    Dex: 16      Spells: 5/11 levels left

rFire   . . .        j - +0 quarterstaff
rCold   . . .        (shield currently unavailable)
rNeg    . . .        (helmet restricted)
rPois   .            b - amulet of magic regeneration
rElec   .            (no ring)
rCorr   .            (no ring)
SInv    .            (no ring)
Will    .....        (no ring)
Stlth   +++          (no ring)
HPRegen 0.26/turn    (no ring)
MPRegen 0.52/turn    (no ring)
                     (no ring)

%: no passive effects
@: no status effects
A: almost no armour, amphibious, 8 rings, camouflage 1, gelatinous body 1,
(nimble swimmer 1), tentacles, iridescent scales 1, agile 1, deterioration 1,
wild magic 1
a: no special abilities


You were on level 4 of the Dungeon.
You visited 1 branch of the dungeon, and saw 4 of its levels.

You collected 175 gold pieces.
You spent 114 gold pieces at shops.

Inventory:

Hand Weapons
 c - a +0 flail
 j - a +0 quarterstaff (weapon)
 l - a +2 hand axe of flaming
Missiles
 i - 2 throwing nets
Jewellery
 b - an amulet of magic regeneration (around mantle)
Scrolls
 e - a scroll of immolation
 g - 2 scrolls of amnesia
Potions
 a - a potion of magic
 f - a potion of mutation
 h - 3 potions of flight


   Skills:
 - Level 2.1 Fighting
 + Level 0.9 Staves
 - Level 2.0 Dodging
 - Level 2.6 Stealth
 + Level 3.2 Spellcasting
 + Level 2.1 Conjurations
 - Level 1.0 Transmutations
 + Level 2.3 Air Magic
 + Level 4.9 Poison Magic


You had 5 spell levels left.
You knew the following spells:

 Your Spells              Type           Power      Damage    Failure   Level
a - Sting                 Tmut/Pois      68%        1d6       8%          1
b - Poisonous Vapours     Pois/Air       40%        N/A       9%          2
c - Mephitic Cloud        Conj/Pois/Air  18%        N/A       19%         3

Your spell library contained the following spells:

 Spells                   Type           Power      Damage    Failure   Level
 Olgreb's Toxic Radiance  Pois           27%        N/A       28%         4


Dungeon Overview and Level Annotations

Branches:
Dungeon (4/15)
 Temple: D:4-7

Altars:
Fedhas

Shops:
D:3 ?

Annotations:
D:4 Edmund


Innate Abilities, Weirdness & Mutations

You cannot wear most types of armour.
You are amphibious.
You can wear up to eight rings at the same time.
Your skin changes colour to match your surroundings (Stealth+).
Your rubbery body absorbs attacks. (AC +1, EV +1)
((You are camouflaged when in or above water. (Stealth+)))
You have tentacles for arms and can constrict up to eight enemies at once.
You are partially covered in iridescent scales. (AC +2)
You are agile. (Dex +4, Str/Int -1)
Your body sometimes deteriorates upon taking damage.
Your spells are a little harder to cast, but a little more powerful.


Message History

The spell is quite dangerous to miscast (17% risk of failure)!
Continue anyway?
Aiming: Mephitic Cloud (quite dangerous; 17% risk of failure)
Press: ? - help, Shift-Dir - straight line, f/p - Edmund
Aim: Edmund, wielding a +1 flail of protection and wearing a +0 scale mail (lightly wounded, very poisoned, chance to affect: 81%)
The ball explodes into a vile cloud!
The stinking cloud engulfs Edmund but does no damage.
Edmund is lightly wounded.
Edmund is engulfed in noxious fumes.
Edmund is engulfed in noxious fumes.
You closely miss Edmund. Your grab misses Edmund. You squeeze Edmund.
Edmund is lightly wounded.
Edmund completely misses you.
You hit Edmund but do no damage. You grab Edmund.
You squeeze Edmund, but do no damage.
Edmund is lightly wounded.
You constrict Edmund, but do no damage.
Edmund hits you with a +1 flail of protection!
You hit Edmund.
Edmund is moderately wounded.
You constrict Edmund, but do no damage. Edmund barely misses you.
You hit Edmund but do no damage. You squeeze Edmund, but do no damage.
Edmund is moderately wounded.
You constrict Edmund, but do no damage.
Edmund says, "People accused me of being a cutpurse!"
Edmund hits you with a +1 flail of protection! x2
* * * LOW HITPOINT WARNING * * *
Your body deteriorates!
You feel dopey.
Okay, then.
As you read the scroll labelled FOADIOZOSS, it crumbles to dust.
A profound silence engulfs you.
It was a scroll of silence.
You constrict Edmund.
Edmund hits you with a +1 flail of protection.
* * * LOW HITPOINT WARNING * * *
It was a potion of cancellation.
Your magical effects are unravelling.
You feel magically purged.
Your hearing returns.
You constrict Edmund, but do no damage.
Edmund hits you with a +1 flail of protection.
You die...

. ##....#######†.## #.
.#..............# #..
...............###...
#......######.......
#.$....# ##.....## #
#......# #......#
#..###....†## ##......##
#......)...)###........#
#......@..).............
#......@...........##...
#.......##.........# ..#
######..#####.......# .#
#.## ##........ # #.
#......... #. #.........
#. ..........


You could see Edmund (very poisoned).

Vanquished Creatures
  A kobold brigand (D:4)
  An orc priest (D:4)
  Jessica (D:2)
  An orc wizard (D:3)
  3 adders
  A shadow imp (D:3)
  A worm (D:2)
  5 dart slugs
  14 orcs
  4 endoplasms
  2 giant cockroaches
  5 goblins
  5 hobgoblins
  4 kobolds
  2 quokkas
  A ball python (D:3)
  7 bats
  4 frilled lizards
  4 rats
66 creatures vanquished.

Notes
Turn   | Place    | Note
-------+----------+-------------------------------------------
     0 | D:1      | Ijustatesigmund the Octopode Venom Mage began the quest for
                  | the Orb.
     0 | D:1      | Reached XP level 1. HP: 11/11 MP: 3/3
   156 | D:1      | Reached XP level 2. HP: 18/18 MP: 1/5
   159 | D:1      | Learned a level 2 spell: Poisonous Vapours
   309 | D:1      | Reached skill level 1 in Fighting
   346 | D:1      | Reached skill level 4 in Poison Magic
   654 | D:2      | Reached XP level 3. HP: 23/23 MP: 6/6
   658 | D:2      | Learned a level 3 spell: Mephitic Cloud
   687 | D:2      | Noticed Jessica
   693 | D:2      | Killed Jessica
   694 | D:2      | Reached skill level 1 in Air Magic
   873 | D:2      | Found a blossoming altar of Fedhas.
  1037 | D:2      | Reached XP level 4. HP: 18/28 MP: 7/7
  1159 | D:2      | Reached skill level 1 in Conjurations
  1526 | D:3      | Found Suvuh's Magic Scroll Emporium.
  1538 | D:3      | Bought a scroll of magic mapping for 90 gold pieces
  1538 | D:3      | Bought a scroll of identify for 24 gold pieces
  1547 | D:3      | Gained mutation: You are agile. (Dex +4, Str/Int -1)
                  | [potion of mutation]
  1547 | D:3      | Gained mutation: Your body sometimes deteriorates upon
                  | taking damage. [potion of mutation]
  1547 | D:3      | Gained mutation: You are partially covered in iridescent
                  | scales. (AC +2) [potion of mutation]
  1547 | D:3      | Gained mutation: Your spells are a little harder to cast,
                  | but a little more powerful. [potion of mutation]
  1658 | D:3      | Reached XP level 5. HP: 18/34 MP: 9/9
  2186 | D:4      | Noticed a kobold brigand
  2792 | D:4      | Killed a kobold brigand
  2793 | D:4      | Reached XP level 6. HP: 28/39 MP: 5/10
  2981 | D:4      | Noticed Edmund
  2991 | D:4      | HP: 1/39 [Edmund/+1 flail of protection (4)]
  2992 | D:4      | Slain by Edmund

Illustrated notes

Levels and vault maps discovered:
D:1:      scummos_arrival_simple_fountains, layout_rooms
D:2:      layout_loops_ring, basic_altar, serial_glass, glass_columns_b,
          glass_columns_b, uniq_jessica
D:3:      layout_rooms, serial_shops, nicolae_shop_tiny_glass,
          guppyfry_early_lair_pool
D:4:      minmay_diamond_boxcup, layout_layer_cave, uniq_crazy_yiuf_cottage,
          uniq_pikel, uniq_edmund, uniq_sigmund

Skill      XL: |  1  2  3  4  5 |
---------------+----------------+-----
Fighting       | 1 2 |  2.1
Poison Magic   | 4 |  4.9
Air Magic      | 1 2 |  2.3
Conjurations   | 1 2 |  2.1
Spellcasting   | 3 |  3.2
Staves         | |  0.9
Dodging        | |  2.0
Stealth        | |  2.6
Transmutations | |  1.0

Action                     |  1- 3 |  4- 6 || total
---------------------------+-------+-------++-------
  Melee: Unarmed           |    19 |       ||    19
         Tentacles         |     7 |    21 ||    28
         Constrict         |     5 |    17 ||    22
         Short sword       |    12 |       ||    12
         Quarterstaff      |       |    55 ||    55
         Mace              |       |     8 ||     8
   Cast: Sting             |    18 |     2 ||    20
         Poisonous Vapours |    16 |    48 ||    64
         Mephitic Cloud    |       |     3 ||     3
    Use: Scroll            |       |     8 ||     8
         Potion            |       |     2 ||     2
   Stab: Sleeping          |       |     1 ||     1
 Armour: Skin              |     2 |    16 ||    18
  Dodge: Dodged            |    16 |    45 ||    61
